 Dungeon Crawl Stone Soup version 0.19-a0-1442-g3b32ff5 (webtiles) character file.

67 JustSomeDude the Skirmisher (level 3, -4/29 HPs)
             Began as a Demonspawn Fighter on Sept 4, 2016.
             Slain by Aquadorian's ghost (7 damage)
             ... on level 4 of the Dungeon on Sept 5, 2016.
             The game lasted 00:04:41 (905 turns).

JustSomeDude the Skirmisher (Demonspawn Fighter)     Turns: 905, Time: 00:04:42

Health: -4/29      AC:  6    Str: 16 (17) XL:     3   Next: 98%
Magic:  3/3        EV:  7    Int:  8 (9)  God:
Gold:   107        SH:  8    Dex: 11 (12) Spells: 0 memorised, 2 levels left

rFire  . . .     SeeInvis .     a - +0 trident
rCold  . . .     Gourm    .     b - +0 scale mail
rNeg   . . .     Faith    .     c - +0 shield
rPois  .         Spirit   .     (no helmet)
rElec  .         Dismiss  .     (no cloak)
rCorr  .         Reflect  .     (no gloves)
MR     .....     Harm     .     (no boots)
Stlth  ..........               (no amulet)
                                (no ring)
                                (no ring)

@: no status effects
A: talons 1, deterioration 2, powered by death 1, wild magic 1
a: no special abilities


You were on level 4 of the Dungeon.
You were not hungry.

You visited 1 branch of the dungeon, and saw 3 of its levels.

You collected 107 gold pieces.

Inventory:

Hand Weapons
 a - a +0 trident (weapon)
Armour
 b - a +0 scale mail (worn)
 c - a +0 shield (worn)
Wands
 d - a wand of flame (36/48)
Scrolls
 e - a scroll of teleportation
 g - 4 scrolls of identify
 h - a scroll of fear {unknown}
 i - a scroll of amnesia {unknown}
 j - a scroll of random uselessness {unknown}
 l - a scroll of immolation {unknown}
 n - 2 scrolls of remove curse {unknown}
Potions
 o - a potion of agility
 p - a potion of curing
Comestibles
 f - 4 bread rations
 m - 5 fruits


   Skills:
 + Level 3.5 Fighting
 + Level 2.2 Polearms
 + Level 3.1 Armour
 + Level 1.1 Dodging
 + Level 0.2 Stealth
 + Level 3.1 Shields


You had 2 spell levels left.
You didn't know any spells.

Dungeon Overview and Level Annotations

Branches:
Dungeon (2/15)

Altars:
Cheibriados

Annotations:
D:4 Aquadorian's ghost, amateur OpAK


Innate Abilities, Weirdness & Mutations

You have sharp toenails.
You regenerate a little health from kills.
Your body often deteriorates upon taking damage.
Your spells are a little harder to cast, but a little more powerful.


Message History

Aquadorian's ghost hits you.
Your body deteriorates!
You feel dopey. Aquadorian's ghost freezes you.
Found a snail-covered altar of Cheibriados.
Found a scroll labeled EGOID MOURPH.
You block Aquadorian's ghost's attack. Aquadorian's ghost hits you.
Aquadorian's ghost freezes you. Aquadorian's ghost hits you!
* * * LOW HITPOINT WARNING * * *
Your body deteriorates!
You feel clumsy. Aquadorian's ghost freezes you.
* * * LOW HITPOINT WARNING * * *
Aquadorian's ghost says very slowly, "There's no hope."
You see here 2 scrolls of teleportation.
You open the door. Aquadorian's ghost barely misses you.
Found a meat ration.
There is an open door here.
Found an escape hatch in the floor.
Found a stone staircase leading down.
Aquadorian's ghost hits you!
You die...

#......##......
#.......#...#
.....#.......#...#######
.....#.......#..........
.....#.......+..........
.....#.......#..........
.....###'#####....>.....
.....#......##..........
.....#.......#.>@# ###
.....#.......#..W##...#
.....#.......#........#
.....###....##........#
###'####....##.....%..#
#%....#.....'.........#
.
#.....#....?#....###+##
#. #.....#.....#....#
#.. #..[..##....##......
....


You could see Aquadorian's ghost.

Vanquished Creatures
  3 adders (D:2)
  3 dart slugs (D:1)
  2 giant geckos (D:1)
  2 giant cockroaches (D:1)
  6 goblins
  A hobgoblin (D:1)
  4 kobolds
  7 bats (D:1)
  A giant newt (D:1)
  5 rats
34 creatures vanquished.

Notes
Turn   | Place    | Note
-------+----------+-------------------------------------------
     0 | D:1      | JustSomeDude the Demonspawn Fighter began the quest for the Orb.
     0 | D:1      | Reached XP level 1. HP: 18/18 MP: 1/1
     1 | D:1      | Noticed an electric eel
   132 | D:1      | Gained mutation: You regenerate a little health from kills. [demonic ancestry]
   132 | D:1      | Reached XP level 2. HP: 3/24 MP: 2/2
   248 | D:1      | Gained mutation: You have sharp toenails. [demonic ancestry]
   248 | D:1      | Reached XP level 3. HP: 20/29 MP: 3/3
   455 | D:2      | Upgraded the game from 0.19-a0-1401-g902f63d to 0.19-a0-1442-g3b32ff5
   521 | D:2      | Gained mutation: Your spells are a little harder to cast, but a little more powerful. [potion of mutation]
   521 | D:2      | Gained mutation: Your body sometimes deteriorates upon taking damage. [potion of mutation]
   521 | D:2      | Gained mutation: Your body often deteriorates upon taking damage. [potion of mutation]
   592 | D:2      | Reached skill level 1 in Dodging
   804 | D:2      | You fall through a shaft for 2 floors!
   808 | D:4      | Noticed an ogre
   823 | D:4      | Noticed Aquadorian's ghost (amateur OpAK)
   872 | D:4      | Found a snail-covered altar of Cheibriados.
   891 | D:4      | HP: 1/29 [Aquadorian's ghost (1)]
   905 | D:4      | Slain by Aquadorian's ghost

Vault maps used:
D:1:      arrival_aquarium_a, minmay_tetromino_o4
D:2:      first_bread, serial_park_tiny_2, hex_intersection, st_stairs_8
D:4:      kennysheep_mini_moat, cheibriados_altar_1

Skill      XL: |  1  2  3 |
---------------+----------+-----
Armour         | 3 |  3.1
Polearms       | 2 |  2.2
Shields        | 3 |  3.1
Dodging        | 1 |  1.1
Fighting       | |  3.5
Stealth        | |  0.2

Action                   || total
-------------------------++-------
Melee: Trident           ||   126
       Kick              ||    11
  Use: Potion            ||     5
       Scroll            ||     2
Armor: Scale mail        ||    64
Dodge: Dodged            ||    38
Block: Shield            ||    73
